 Dungeon Sprint DCSS version 0.29-a0-1033-gb6c65ffae6 (webtiles) character file.

Game seed: 3773754502395400123

1134 mhtbhm the Arsonist (level 8, -16/41 HPs)
             Began as a Deep Elf Fire Elementalist on Aug 14, 2022.
             Was a Believer of Vehumet.
             Demolished by a spatial vortex (23 damage)
             ... in the Dungeon (Sprint III: "The Ten Rune Challenge").
             The game lasted 00:02:58 (886 turns).

mhtbhm the Arsonist (Deep Elf Fire Elementalist)     Turns: 886, Time: 00:02:59

Health: -16/41     AC:  2    Str:  4    XL:     8   Next: 14%
Magic:  21/27      EV: 16    Int: 22    God:    Vehumet [**....]
Gold:   47         SH:  0    Dex: 19    Spells: 21/34 levels left

rFire   . . .      SeeInvis .   (no weapon)
rCold   . . .      Faith    .   (no shield)
rNeg    . . .      Spirit   .   a - +0 robe
rPois   .          Reflect  .   (helmet restricted)
rElec   .          Harm     .   (no cloak)
rCorr   .          Rampage  .   (no gloves)
Will    .....      NoTele   +   (no boots)
Stlth   +++.......              (no amulet)
HPRegen 0.13/turn               (no ring)
MPRegen 0.20/turn               (no ring)

@: no status effects
A: horns 1, agile 1
a: Renounce Religion


You were in the Dungeon.
You worshipped Vehumet.
Vehumet was pleased with you.
You visited 1 branch You collected 47 gold pieces.

Inventory:

Armour
 a - a +0 robe (worn)
Wands
 i - a wand of digging (4)
Scrolls
 g - a scroll of blinking
 h - a scroll of amnesia {unknown}
 j - a scroll of torment {unknown}
 k - 2 scrolls of identify {unknown}
 n - a scroll of poison {unknown}
Potions
 b - 3 potions of magic
 c - a potion of curing
 d - 2 potions of heal wounds
 e - a potion of haste
 f - 2 potions of berserk rage
 l - 2 potions of flight {unknown}
 m - 4 potions of mutation


   Skills:
 + Level 6.3 Dodging
 + Level 6.1 Stealth
 + Level 13.5 Spellcasting
 + Level 3.3 Conjurations
 + Level 14.3 Fire Magic


You had 21 spell levels left.
You knew the following spells:

 Your Spells              Type           Power      Damage    Failure   Level
a - Foxfire               Conj/Fire      100%       2x1d9     1%          1
b - Scorch                Fire           100%       2d10      1%          2
c - Conjure Flame         Conj/Fire      52%        6-21      1%          3
d - Inner Flame           Hex/Fire       46%        N/A       1%          3
e - Flame Wave            Conj/Fire      52%        2d13      1%          4

Your spell library contained the following spells:

 Spells                   Type           Power      Damage    Failure   Level
 Searing Ray              Conj           58%        2d6       1%          2
 Blink                    Tloc           28%        N/A       6%          2
 Lesser Beckoning         Tloc           14%        N/A       13%         3
 Ozocubu's Armour         Ice            14%        N/A       13%         3
 Manifold Assault         Tloc           14%        N/A       75%         5
 Metabolic Englaciation   Hex/Ice        7%         N/A       75%         5
 Simulacrum               Ice/Necr       7%         N/A       100%        6


Dungeon Overview and Level Annotations

Branches:
Dungeon (1/1)

Altars:
Cheibriados
Dithmenos
Elyvilon
Fedhas
Gozag
Hepliaklqana
Kikubaaqudgha
Makhleb
Nemelex Xobeh
Okawaru
Qazlal
Ru
Sif Muna
Trog
Uskayaw
Vehumet
Wu Jian
Xom
Yredelemnul
Zin
The Shining One
Jiyva
Lugonu


Innate Abilities, Weirdness & Mutations

You have a pair of small horns on your head.
You are agile. (Dex +4, Str/Int -1)


Message History

Casting: Scorch (safe; 1% risk of failure)
Confirm with . or Enter, or press ? or * to list all spells.
Flames lash the jelly.
The jelly is burned terribly!
You kill the jelly!
Vehumet accepts your kill.
You feel your power returning.
Unknown command.
You start resting.
Magic restored.
There is an open door here.
You open the door.
A spatial vortex comes into view.
Found five altars.
Found a lightning rod (4/4).
Found five altars.
There is an open door here.
There is a snail-covered altar of Cheibriados here.
Casting: Scorch (safe; 1% risk of failure)
Confirm with . or Enter, or press ? or * to list all spells.
Casting: Flame Wave (dangerous; 1% risk of failure)
Press: ? - help, Dir - look around, f - activate A wave of flame ripples out!
The flame wave engulfs the spatial vortex.
The spatial vortex resists.
The spatial vortex is lightly damaged. (Press . to intensify the flame waves.)
The spatial vortex hits you!
A wave of flame ripples out!
The flame wave engulfs the spatial vortex.
The spatial vortex resists.
The spatial vortex is moderately damaged.
Okay, then.
A wave of flame ripples out!
The flame wave engulfs the spatial vortex!
The spatial vortex resists.
The spatial vortex is moderately damaged.
You finish channelling waves of flame.
The spatial vortex hits you!
* * * LOW HITPOINT WARNING * * *
Space warps horribly around you!!
Ouch! That really hurt!
You die...

..).#..#..#...#__)#[_#
#...#..#..###'#†###÷##
##..##'#..#..........#
##..###...'.⌠........#
#..####...#...######'#
#..###....#)⌠.#__#...#
...##.....#[..#__#...#
...#......#'###__#...#
.##.#.....#[..#_@#...+
. ####....#___#_v'...#
▓ ▓▓▓▓▓▓▓▓▓▓▓▓▓▓▓▓▓


You could see a spatial vortex.

Vanquished Creatures
  A deep elf pyromancer (D)
  A shadow (D)
  A necrophage (D)
  A water elemental (D)
  A jelly (D)
  A wizard (D)
  Jessica (D)
  A necromancer (D)
  3 humans (D)
  A kobold demonologist (D)
  A phantom (D)
  An endoplasm (D)
  A rat (D)
15 creatures vanquished.

Vanquished Creatures (others)
  21 foxfires (D)
21 creatures vanquished.

Grand Total: 36 creatures vanquished

Notes
Turn   | Place    | Note
-------+----------+-------------------------------------------
     0 | D        | mhtbhm the Deep Elf Fire Elementalist began the quest for
                  | the Orb.
     0 | D        | Reached XP level 1. HP: 10/10 MP: 6/6
    56 | D        | Noticed Jessica
    60 | D        | Killed Jessica
    61 | D        | Reached skill level 5 in Fire Magic
    61 | D        | Reached XP level 2. HP: 15/15 MP: 2/9
   138 | D        | Learned a level 2 spell: Scorch
   149 | D        | Reached skill level 6 in Fire Magic
   149 | D        | Reached XP level 3. HP: 19/19 MP: 4/11
   152 | D        | Reached skill level 5 in Spellcasting
   314 | D        | Gained mutation: You have a pair of small horns on your
                  | head. [potion of mutation]
   314 | D        | Gained mutation: You are agile. (Dex +4, Str/Int -1)
                  | [potion of mutation]
   317 | D        | Noticed a water elemental
   320 | D        | Killed a water elemental
   321 | D        | Reached skill level 8 in Fire Magic
   321 | D        | Reached XP level 4. HP: 24/24 MP: 5/14
   387 | D        | Found a radiant altar of Vehumet.
   388 | D        | Found a shimmering blue altar of Sif Muna.
   388 | D        | Found an ancient bone altar of Kikubaaqudgha.
   388 | D        | Noticed a wizard
   393 | D        | Killed a wizard
   394 | D        | Reached XP level 5. HP: 28/28 MP: 7/16
   400 | D        | Learned a level 3 spell: Conjure Flame
   404 | D        | Learned a level 3 spell: Inner Flame
   409 | D        | Learned a level 4 spell: Flame Wave
   418 | D        | Became a worshipper of Vehumet
   456 | D        | Found a basalt altar of Yredelemnul.
   456 | D        | Found a shadowy altar of Dithmenos.
   456 | D        | Found a sacrificial altar of Ru.
   459 | D        | Reached skill level 9 in Fire Magic
   462 | D        | Reached skill level 5 in Dodging
   462 | D        | Reached skill level 5 in Stealth
   462 | D        | Reached skill level 10 in Fire Magic
   528 | D        | Found a glowing silver altar of Zin.
   528 | D        | Found a glowing golden altar of the Shining One.
   528 | D        | Found a white marble altar of Elyvilon.
   528 | D        | Noticed a deep elf pyromancer
   533 | D        | Killed a deep elf pyromancer
   533 | D        | Reached * piety under Vehumet
   533 | D        | Offered knowledge of Magic Dart by Vehumet.
   534 | D        | Reached skill level 12 in Fire Magic
   534 | D        | Reached XP level 6. HP: 16/32 MP: 12/22
   534 | D        | Reached XP level 7. HP: 18/36 MP: 13/24
   682 | D        | Found a hide-covered altar of Uskayaw.
   682 | D        | Found an iron altar of Okawaru.
   682 | D        | Found a bloodstained altar of Trog.
   682 | D        | Found an ornate altar of the Wu Jian Council.
   682 | D        | Noticed a human
   682 | D        | Noticed a human
   686 | D        | Killed a human
   687 | D        | Reached skill level 13 in Fire Magic
   688 | D        | Killed a human
   822 | D        | Noticed a shadow
   824 | D        | Killed a shadow
   824 | D        | Offered knowledge of Searing Ray by Vehumet.
   824 | D        | Reached ** piety under Vehumet
   825 | D        | Reached skill level 14 in Fire Magic
   825 | D        | Reached XP level 8. HP: 41/41 MP: 23/27
   881 | D        | Found a blossoming altar of Fedhas.
   881 | D        | Found a stormy altar of Qazlal.
   881 | D        | Found a snail-covered altar of Cheibriados.
   881 | D        | Found a burning altar of Makhleb.
   881 | D        | Found a shimmering altar of Xom.
   882 | D        | Found a hazy altar of Hepliaklqana.
   882 | D        | Found an opulent altar of Gozag.
   882 | D        | Found a sparkling altar of Nemelex Xobeh.
   882 | D        | Found a corrupted altar of Lugonu.
   882 | D        | Found a viscous altar of Jiyva.
   886 | D        | Demolished by a spatial vortex

Illustrated notes

Levels and vault maps discovered:
D:        dungeon_sprint_mu [sprint_mu_entry_cave, sprint_mu_temple_rooms,
          sprint_mu_d1_horrors, sprint_mu_d2_genie, sprint_mu_d3_branching,
          sprint_mu_orc_legion, sprint_mu_elf_gauntlet, sprint_mu_hive_nellie,
          sprint_mu_lair_fedhas, sprint_mu_vaults_butterflies,
          sprint_mu_slime_circle, sprint_mu_swamp_cave, sprint_mu_snake_twists,
          sprint_mu_blade_basic, sprint_mu_crypt_chambers,
          sprint_mu_tomb_spiral, sprint_mu_vestibule_basic,
          sprint_mu_gehenna_hellfire, sprint_mu_dis_giant,
          sprint_mu_tartarus_statrot, sprint_mu_cocytus_islands, sprint_mu_zot1]

Skill      XL: |  1  2  3  4  5  6  7 |
---------------+----------------------+-----
Dodging        | 3 4 6 |  6.3
Stealth        | 3 4 5 6 |  6.1
Spellcasting   | 4 6 7 11 13 | 13.5
Fire Magic     | 5 6 8 12 14 | 14.3
Conjurations   | 2 3 |  3.3

Action                   |  1- 3 |  4- 6 |  7- 9 || total
-------------------------+-------+-------+-------++-------
 Cast: Foxfire           |    11 |     1 |     1 ||    13
       Scorch            |     6 |    11 |     6 ||    23
       Flame Wave        |       |       |     2 ||     2
       Conjure Flame     |       |       |     1 ||     1
  Use: Potion            |     1 |       |       ||     1
Armor: Robe              |     1 |     1 |     1 ||     3
Dodge: Dodged            |     2 |     2 |       ||     4

Table legend: (Time is in decaauts)
 A = Elapsed time spent in this place.
 B = Non-inter-level travel time spent in this place.
 C = Inter-level travel time spent in this place.
 D = Time resting spent in this place.
 E = Time spent auto-exploring this place.
 F = Levels seen in this place.
 G = Mean time per level.
                   A        B        C        D        E       F      G
               +--------+--------+--------+--------+--------+-----+--------+
         Total |    886 |    886 |      0 |    608 |     41 |   1 |  886.0 |
       Dungeon |    886 |    886 |      0 |    608 |     41 |   1 |  886.0 |
               +--------+--------+--------+--------+--------+-----+--------+

Top non-repeatable levels by time:
       D: 886 daAuts
